 Dungeon Crawl Stone Soup version 0.25.1-2-g60ff931df9 (webtiles) character file.

Game seed: 4720200759994021950

78 raphialitos the Shield-Bearer (level 4, -4/40 HPs)
             Began as a Minotaur Fighter on Oct 20, 2020.
             Killed from afar by Blork the orc (11 damage)
             ... with a puff of frost
             ... on level 4 of the Dungeon.
             The game lasted 00:02:20 (1190 turns).

raphialitos the Shield-Bearer (Minotaur Fighter)    Turns: 1190, Time: 00:02:21

Health: -4/40      AC:  7    Str: 21    XL:     4   Next: 15%
Magic:  3/3        EV:  8    Int:  5    God:
Gold:   61         SH:  9    Dex: 10    Spells: 3/3 levels left

rFire    . . .     SeeInvis .   j - +0 morningstar
rCold    . . .     Gourm    .   c - +0 kite shield
rNeg     . . .     Faith    .   b - +0 scale mail
rPois    .         Spirit   .   (helmet restricted)
rElec    .         Reflect  .   (no cloak)
rCorr    .         Harm     .   (no gloves)
MR       .....                  (no boots)
Stlth    ..........             (no amulet)
HPRegen  0.13/turn              (no ring)
MPRegen  0.08/turn              (no ring)

@: no status effects
A: retaliatory headbutt, horns 2
a: no special abilities


You were on level 4 of the Dungeon.
You were not hungry.

You visited 1 branch of the dungeon, and saw 4 of its levels.

You collected 61 gold pieces.

Inventory:

Hand Weapons
 a - a +0 rapier
 j - a +0 morningstar (weapon)
Armour
 b - a +0 scale mail (worn)
 c - a +0 kite shield (worn)
Jewellery
 i - an uncursed ring of wizardry {unknown}
Scrolls
 e - a scroll of random uselessness {unknown}
 g - 2 scrolls of identify {unknown}
 k - a scroll of remove curse {unknown}
 l - a scroll of enchant weapon {unknown}
Potions
 d - a potion of might
 h - a potion of degeneration {unknown}
Comestibles
 f - 3 rations


   Skills:
 + Level 4.1 Fighting
 + Level 2.6 Short Blades
 + Level 0.2 Maces & Flails
 + Level 4.2 Armour
 + Level 1.5 Dodging
 + Level 4.5 Shields


You had 3 spell levels left.
You didn't know any spells.
Your spell library was empty.

Dungeon Overview and Level Annotations

Branches:
Dungeon (4/15)
 Temple: D:4-7

Altars:
Okawaru

Annotations:
D:4 Blork the orc


Innate Abilities, Weirdness & Mutations

You reflexively headbutt those who attack you in melee.
You have a pair of horns on your head.


Message History

You hit Blork the orc.
Blork the orc is heavily wounded.
Blork the orc gestures at you while chanting.
The puff of frost hits you.
* * * LOW HITPOINT WARNING * * *
Blork the orc screams, "I'll break your arms!"
Blork the orc looks satisfied for a moment.
Unknown command.
You puncture Blork the orc!
Blork the orc is almost dead.
Blork the orc casts a spell.
Blork the orc flickers and vanishes!
Deactivating autopickup; reactivate with Ctrl-A.
You closely miss something. You headbutt something. Something hits you.
* * * LOW HITPOINT WARNING * * *
You barely miss something.
You hear some strange, mumbled words.
A puff of frost appears from out of thin air!
The puff of frost hits you!
You die...

#..............#............
##........................... #
##...............#...##.......
#.##..............##.............
#................##..............
####.)...........##..............
#%............................
#..........................##.
#####.......{@.###...##...###.
#.........## #########....
.........# .... .......... ....
........# .... ......... ..
#.....### ######


There were no monsters in sight!

Vanquished Creatures
  A hound (D:4)
  An adder (D:3)
  A dart slug (D:3)
  A leopard gecko (D:4)
  2 orcs (D:3)
  2 bats (D:1)
  2 giant cockroaches
  5 goblins (D:1)
  A hobgoblin (D:1)
  2 jackals (D:3)
  A frilled lizard (D:3)
  6 kobolds (D:1)
  7 rats
32 creatures vanquished.

Notes
Turn   | Place    | Note
-------+----------+-------------------------------------------
     0 | D:1      | raphialitos the Minotaur Fighter began the quest for the
                  | Orb.
     0 | D:1      | Reached XP level 1. HP: 19/19 MP: 0/0
   208 | D:1      | Reached XP level 2. HP: 27/27 MP: 1/1
   774 | D:3      | Found an iron altar of Okawaru.
   919 | D:3      | Reached XP level 3. HP: 33/33 MP: 2/2
  1168 | D:4      | Noticed Blork the orc
  1177 | D:4      | Reached skill level 1 in Dodging
  1177 | D:4      | Reached XP level 4. HP: 30/40 MP: 3/3
  1190 | D:4      | Killed from afar by Blork the orc

Illustrated notes

Levels and vault maps discovered:
D:1:      shiori_arrival_elements, layout_basic, minmay_misc_feat_rugged
D:2:      layout_basic, elyvilon_altar_4, first_ration
D:3:      minmay_general_purpose_star, layout_basic, okawaru_gym_becter,
          vehumet_crystals, chequers_ecumenical_altar_simple,
          portal_sewer_entry_d, chequers_serial_rivers_room_b
D:4:      layout_rooms, grunt_temple_overflow_order_and_chaos_1,
          yredelemnul_forgotten_temple_becter, uniq_blork_the_orc

Skill      XL: |  1  2  3 |
---------------+----------+-----
Fighting       | 4 |  4.1
Armour         | 4 |  4.2
Shields        | 4 |  4.5
Dodging        | 1 |  1.5
Short Blades   | |  2.6
Maces & Flails | |  0.2

Action                   |  1- 3 |  4- 6 || total
-------------------------+-------+-------++-------
Melee: Rapier            |    41 |       ||    41
       Headbutt          |     6 |     3 ||     9
       Morningstar       |    23 |    13 ||    36
  Eat: Chunk             |     1 |       ||     1
Armor: Scale mail        |    37 |     1 ||    38
Dodge: Dodged            |    33 |     2 ||    35
Block: Kite shield       |    53 |     4 ||    57
